 Dungeon Crawl Stone Soup version 0.23-a0-622-g59b4ea9 (webtiles) character file.

46 Arthanis the Firebug (level 3, 0/19 HPs)
             Began as a Deep Elf Fire Elementalist on Dec 23, 2018.
             Killed from afar by Sigmund (10 damage)
             ... with a magic dart
             ... on level 2 of the Dungeon.
             The game lasted 00:03:28 (1022 turns).

Arthanis the Firebug (Deep Elf Fire Elementalist)   Turns: 1022, Time: 00:03:28

Health: 0/19       AC:  2    Str:  5    XL:     3   Next: 46%
Magic:  4/10       EV: 13    Int: 20    God:
Gold:   134        SH:  0    Dex: 15    Spells: 5/9 levels left

rFire    . . .     SeeInvis .   i - -2 whip (curse)
rCold    . . .     Gourm    .   (no shield)
rNeg     . . .     Faith    .   a - +0 robe
rPois    .         Spirit   .   (no helmet)
rElec    .         Reflect  .   (no cloak)
rCorr    .         Harm     .   (no gloves)
MR       .....                  (no boots)
Stlth    ++........             (no amulet)
HPRegen  0.06/turn              (no ring)
MPRegen  0.12/turn              (no ring)

@: no status effects
A: no striking features
a: no special abilities


You were on level 2 of the Dungeon.
You were not hungry.

You visited 1 branch of the dungeon, and saw 3 of its levels.

You collected 134 gold pieces.

Inventory:

Hand Weapons
 e - a +0 dagger
 i - a cursed -2 whip (weapon)
Armour
 a - a +0 robe (worn)
Wands
 j - a wand of flame (11)
Scrolls
 d - 3 scrolls of teleportation {unknown}
 g - a scroll of remove curse {unknown}
 h - a scroll of amnesia {unknown}
 l - a scroll of immolation {unknown}
Potions
 f - a potion of haste {unknown}
 k - a potion of might {unknown}
Comestibles
 b - a chunk of flesh
 c - 7 rations


   Skills:
 - Level 2.4 Dodging
 - Level 2.4 Stealth
 + Level 3.6 Spellcasting
 * Level 2.4 Conjurations
 * Level 4.1 Fire Magic


You had 5 spell levels left.
You knew the following spells:

 Your Spells              Type           Power        Failure   Level  Hunger
a - Flame Tongue          Conj/Fire      ###..        3%          1    None
b - Conjure Flame         Conj/Fire      ###.....     11%         3    ###....

Your spell library contained the following spells:

 Spells                   Type           Power        Failure   Level  Hunger
 Throw Flame              Conj/Fire      ###...       5%          2    ##.....
 Inner Flame              Hex/Fire       ##......     17%         3    ###....
 Sticky Flame             Conj/Fire      ###.....     34%         4    ####...
 Fireball                 Conj/Fire      ###.......   67%         5    ######.


Dungeon Overview and Level Annotations

Branches:
Dungeon (3/15)

Altars:

Annotations:
D:2 Sigmund


Message History

Aiming: Flame Tongue (safe; 3% risk of failure)
Press: ? - help, Shift-Dir - straight line, f/p - Sigmund
Aim: Sigmund, wielding a +2 scythe of venom and wearing a +0 robe (moderately The flame tongue misses Sigmund.
Sigmund casts a spell at you.
You are confused.
You're too confused to cast spells.
Unknown command.
Unknown command.
Sigmund casts a spell.
Sigmund flickers and vanishes!
Deactivating autopickup; reactivate with Ctrl-A.
A puff of flame appears from out of thin air!
The puff of flame hits you!
You bump into the rock wall.
You feel less confused.
A magic dart appears from out of thin air!
The magic dart hits you!
Ouch! That really hurt!
You die...

..................[..............
.....##..........#.########..####
.....###.#.#######.# #..# ####.#
#.#.# #.# #..# #.# #.#.#
#.########..# #.# #.#.#
###...........# #.#
#.#.#####.........###.# #.#
#.#...............'.#.## # #.#
#.#..####@........#.#..# # #.#
#.#..# #.........#.##.## #
##'###.#..# #.........#.....# #
#....#.#..####.........#.....# #
#..[.#.#.....'.........#).)..# #
#....#.##.####.........#.###.# #
#....#.##....'.........#.# #.#
###....#.##).#.#.........#.# #.#
'....###.#...#<..........#.# #.##


There were no monsters in sight!

Vanquished Creatures
  An adder (D:2)
  A worm (D:2)
  3 dart slugs
  A giant cockroach (D:1)
  3 goblins
  7 hobgoblins
  7 kobolds
  A bat (D:1)
  2 frilled lizards
  5 rats
31 creatures vanquished.

Notes
Turn   | Place    | Note
-------+----------+-------------------------------------------
     0 | D:1      | Arthanis the Deep Elf Fire Elementalist began the quest for
                  | the Orb.
     0 | D:1      | Reached XP level 1. HP: 10/10 MP: 6/6
   131 | D:1      | Reached XP level 2. HP: 15/15 MP: 2/8
   477 | D:2      | Noticed Sigmund
   540 | D:2      | Reached skill level 4 in Fire Magic
   540 | D:2      | Reached XP level 3. HP: 19/19 MP: 1/10
   545 | D:2      | Learned a level 3 spell: Conjure Flame
  1022 | D:2      | Killed from afar by Sigmund

Vault maps used:
D:1:      dpeg_arrival_tiny_a
D:2:      first_ration, uniq_sigmund
D:3:      chequers_ecumenical_altar_simple, makhleb_blood_cavern_becter

Skill      XL: |  1  2 |
---------------+-------+-----
Conjurations   | 2 |  2.4
Fire Magic     | 4 |  4.1
Dodging        | |  2.4
Stealth        | |  2.4
Spellcasting   | |  3.6

Action                   || total
-------------------------++-------
Melee: Dagger            ||     7
 Cast: Flame Tongue      ||    72
       Conjure Flame     ||     2
Armor: Robe              ||     4
Dodge: Dodged            ||    16

Table legend:
 A = Non-vault XP
 B = Vault XP
 C = Vault XP percentage of total XP
 D = Non-vault monster count
 E = Vault monster count
 F = Vault count percentage of total count
                 A         B        C        D         E       F
            +---------+---------+-------+---------+---------+-------
      Total |      67 |       0 |   0.0 |      31 |       0 |   0.0
            +---------+---------+-------+---------+---------+-------
        D:1 |      30 |       0 |   0.0 |      18 |       0 |   0.0
        D:2 |      37 |       0 |   0.0 |      13 |       0 |   0.0
            +---------+---------+-------+---------+---------+-------
